 Dungeon Sprint DCSS version 0.27-a0-592-g0306a34022 (webtiles) character file.

Game seed: 2136752651678813643

341 rocky1 the Reanimator (level 6, -11/43 HPs)
             Began as a Demonspawn Necromancer on Mar 11, 2021.
             Was a High Priest of Sif Muna.
             Mangled by a komodo dragon (18 damage)
             ... in the Dungeon (Sprint VII: "The Pits").
             The game lasted 00:05:35 (1347 turns).

rocky1 the Reanimator (Demonspawn Necromancer)      Turns: 1347, Time: 00:05:35

Health: -11/43     AC:  4    Str:  9    XL:     6   Next: 30%
Magic:  8/12       EV: 13    Int: 18    God:    Sif Muna [*****.]
Gold:   0          SH:  0    Dex: 13    Spells: 4/13 levels left

rFire    . . .     SeeInvis .   l - +2 long sword (flame)
rCold    . . .     Faith    .   (no shield)
rNeg     . . .     Spirit   .   a - +0 robe
rPois    .         Reflect  .   (no helmet)
rElec    .         Harm     .   (no cloak)
rCorr    .         Rampage  .   (no gloves)
Will     .....     NoTele   +   (no boots)
Stlth    ++........             (no amulet)
HPRegen  0.14/turn              (no ring)
MPRegen  0.13/turn              (no ring)

@: no status effects
A: talons 1, molten scales 1, spiny 1
a: Renounce Religion, Channel Magic, Forget Spell, Divine Exegesis


You were in the Dungeon.
You worshipped Sif Muna.
Sif Muna was extremely pleased with you.
You visited 1 branch

Inventory:

Hand Weapons
 l - a +2 long sword of flaming (weapon)
Armour
 a - a +0 robe (worn)
 k - a +3 ring mail
Scrolls
 h - a scroll of blinking
 i - 5 scrolls of amnesia
 j - a scroll of summoning
Potions
 b - a potion of invisibility
 c - 6 potions of curing
 d - 5 potions of heal wounds
 e - a potion of haste
 f - 3 potions of magic
 g - 2 potions of berserk rage


   Skills:
 - Level 1.2 Fighting
 + Level 4.5 Long Blades
 + Level 4.0 Dodging
 - Level 1.7 Stealth
 - Level 0.7 Unarmed Combat
 + Level 4.1 Spellcasting
 + Level 11.5 Necromancy
 + Level 5.1 Invocations


You had 4 spell levels left.
You knew the following spells:

 Your Spells              Type           Power      Damage    Failure   Level
a - Pain                  Necr           100%       1d9       1%          1
b - Animate Skeleton      Necr           90%        N/A       1%          1
c - Vampiric Draining     Necr           22%        2d9       1%          3
d - Animate Dead          Necr           22%        N/A       1%          4

Your spell library contained the following spells:

 Spells                   Type           Power      Damage    Failure   Level
 Call Imp                 Summ           3%         N/A       22%         2
 Agony                    Necr           45%        N/A       3%          5
 Borgnjor's Revivificati  Necr           22%        N/A       100%        8


Dungeon Overview and Level Annotations

Branches:
Dungeon (1/1)

Altars:
Ashenzari
Cheibriados
Dithmenos
Elyvilon
Fedhas
Gozag
Hepliaklqana
Kikubaaqudgha
Makhleb
Nemelex Xobeh
Okawaru
Qazlal
Ru
Sif Muna
Trog
Uskayaw
Vehumet
Wu Jian
Xom
Yredelemnul
Zin
The Shining One
Beogh
Jiyva
Lugonu


Innate Abilities, Weirdness & Mutations

You have sharp toenails.
You are partially covered in molten scales. (AC +2)
You are partially covered in sharp spines.


Message History

Unknown command.
You closely miss the komodo dragon.
You claw the komodo dragon, but do no damage.
Your orc warrior zombie hits the komodo dragon with a +0 long sword!
The komodo dragon completely misses you.
You closely miss the komodo dragon.
The komodo dragon is lightly wounded.
The komodo dragon closely misses you.
Your orc warrior zombie hits the komodo dragon but does no damage.
What are your orders? t - Shout!
Orders for allies: a - Attack new target. p - Attack previous target. r - Retreat! s - Stop attacking. g - Guard the area. f - Follow me.
Anything else - Cancel.
Gang up on whom?
Press: ? - help, Dir - move target, f/p - komodo dragon
Aim: a komodo dragon (lightly wounded, ally target) Attack!
The komodo dragon bites you.
Your orc warrior zombie hits the komodo dragon but does no damage.
Unknown command.
You hit the komodo dragon. You burn the komodo dragon.
The komodo dragon is moderately wounded.
The komodo dragon bites you!!
Ouch! That really hurt!
* * * LOW HITPOINT WARNING * * *
Unknown command.
You barely miss the komodo dragon.
The komodo dragon is moderately wounded.
The komodo dragon is struck by your spines.
The komodo dragon closely misses you.
Your orc warrior zombie hits the komodo dragon with a +0 long sword!
Unknown command.
Casting: Pain (safe; 1% risk of failure)
Confirm with . or Enter, or press ? or * to list all spells.
Aiming: Pain (safe; 1% risk of failure)
Press: ? - help, Shift-Dir - straight line, f/p - komodo dragon
Aim: a komodo dragon (heavily wounded, ally target, chance to affect: 71%)
The komodo dragon writhes in agony.
The komodo dragon bites you!!
You die...

#.#...)))..##.......#
#'###########.......#
#.......# #########
#...#...# #...#...#
#.##.##.#+#
#...#...#.+
#...#...#l#
#.......Z@#
###########


You could see a komodo dragon (ally target) and a friendly orc warrior zombie.

Vanquished Creatures
  A necrophage (D)
  An orc warrior (D)
  A gnoll sergeant (D)
  A worker ant (D)
  A mummy (D)
  An adder (D)
  3 gnolls (D)
  An ooze (D)
  A leopard gecko (D)
  2 orcs (D)
  A goblin (D)
  8 jackals (D)
  A quokka (D)
  2 bats (D)
  A frilled lizard (D)
  A rat (D)
27 creatures vanquished.

Notes
Turn   | Place    | Note
-------+----------+-------------------------------------------
     0 | D        | rocky1 the Demonspawn Necromancer began the quest for the
                  | Orb.
     0 | D        | Reached XP level 1. HP: 13/13 MP: 3/3
    14 | D        | Reached skill level 5 in Necromancy
    39 | D        | Found a bloodstained altar of Trog.
    39 | D        | Found a shimmering blue altar of Sif Muna.
    39 | D        | Found a viscous altar of Jiyva.
    39 | D        | Found a hazy altar of Hepliaklqana.
    39 | D        | Found an opulent altar of Gozag.
    40 | D        | Found a basalt altar of Yredelemnul.
    40 | D        | Found a shimmering altar of Xom.
    40 | D        | Found an ornate altar of the Wu Jian Council.
    40 | D        | Found a sacrificial altar of Ru.
    40 | D        | Found a stormy altar of Qazlal.
    40 | D        | Found an iron altar of Okawaru.
    40 | D        | Found a sparkling altar of Nemelex Xobeh.
    40 | D        | Found a burning altar of Makhleb.
    40 | D        | Found a blossoming altar of Fedhas.
    40 | D        | Found a shadowy altar of Dithmenos.
    40 | D        | Found a snail-covered altar of Cheibriados.
    43 | D        | Found a corrupted altar of Lugonu.
    43 | D        | Found a radiant altar of Vehumet.
    44 | D        | Found an ancient bone altar of Kikubaaqudgha.
    44 | D        | Found a hide-covered altar of Uskayaw.
    44 | D        | Found a broken altar of Ashenzari.
    45 | D        | Became a worshipper of Sif Muna the Loreminder
    62 | D        | Reached skill level 6 in Necromancy
    62 | D        | Gained mutation: You are partially covered in molten
                  | scales. (AC +2) [demonic ancestry]
    62 | D        | Reached XP level 2. HP: 8/19 MP: 0/5
   455 | D        | Learned a level 1 spell: Animate Skeleton
   463 | D        | Reached * piety under Sif Muna
   473 | D        | Reached ** piety under Sif Muna
   478 | D        | Reached skill level 8 in Necromancy
   478 | D        | Gained mutation: You are partially covered in sharp spines.
                  | [demonic ancestry]
   478 | D        | Reached XP level 3. HP: 10/24 MP: 1/6
   868 | D        | Noticed a gnoll sergeant
   877 | D        | Killed a gnoll sergeant
   878 | D        | Reached skill level 1 in Fighting
   878 | D        | Reached skill level 1 in Long Blades
   878 | D        | Reached skill level 10 in Necromancy
   878 | D        | Reached XP level 4. HP: 31/32 MP: 5/7
   884 | D        | Reached *** piety under Sif Muna
  1043 | D        | Learned a level 3 spell: Vampiric Draining
  1097 | D        | Noticed an orc warrior
  1097 | D        | Noticed a necrophage
  1102 | D        | Reached **** piety under Sif Muna
  1105 | D        | Gained mutation: You have sharp toenails. [demonic
                  | ancestry]
  1105 | D        | Reached XP level 5. HP: 34/37 MP: 4/8
  1114 | D        | Reached ***** piety under Sif Muna
  1114 | D        | Identified Wuaff's Incunabulum of Creative Necromancy (Sif
                  | Muna gifted it to you in the Dungeon)
  1114 | D        | Received a gift from Sif Muna
  1115 | D        | Reached skill level 1 in Invocations
  1127 | D        | Killed a necrophage
  1128 | D        | Reached skill level 11 in Necromancy
  1136 | D        | Killed an orc warrior
  1137 | D        | Reached skill level 5 in Invocations
  1137 | D        | Reached XP level 6. HP: 31/43 MP: 5/12
  1318 | D        | Learned a level 4 spell: Animate Dead
  1340 | D        | Noticed a komodo dragon
  1347 | D        | Mangled by a komodo dragon

Illustrated notes

Levels and vault maps discovered:
D:        pitsprint [storerooms_1, entrance_room_1, metal_vault_2, armoury_2,
          mini_pit_1, grid_room_1, main_hall_1, silver_pit, the_coven_3,
          the_vestibule_1, steel_vault_1, golden_pit, hallway_of_sentries,
          crystal_vault_4, iron_vault_4, final_vault]

Skill      XL: |  1  2  3  4  5 |
---------------+----------------+-----
Necromancy     | 6 8 10 11 | 11.5
Fighting       | 1 |  1.2
Long Blades    | 1 2 4 |  4.5
Dodging        | 4 |  4.0
Invocations    | 5 |  5.1
Spellcasting   | 4 |  4.1
Stealth        | |  1.7
Unarmed Combat | |  0.7

Action                   |  1- 3 |  4- 6 || total
-------------------------+-------+-------++-------
Melee: Unarmed           |     2 |       ||     2
       Falchion          |    15 |    11 ||    26
       Long sword        |       |    23 ||    23
       Kick              |       |     6 ||     6
 Cast: Pain              |     9 |    12 ||    21
       Animate Skeleton  |     4 |     1 ||     5
       Vampiric Draining |       |     3 ||     3
       Animate Dead      |       |     1 ||     1
  Use: Potion            |     2 |     2 ||     4
 Stab: Invisible         |     1 |     1 ||     2
Armor: Robe              |     4 |     5 ||     9
Dodge: Dodged            |    16 |    22 ||    38
       Rpst.: Falchion   |     2 |     2 ||     4
       Long sword        |       |     8 ||     8

Table legend: (Time is in decaauts)
 A = Elapsed time spent in this place.
 B = Non-inter-level travel time spent in this place.
 C = Inter-level travel time spent in this place.
 D = Time resting spent in this place.
 E = Time spent auto-exploring this place.
 F = Levels seen in this place.
 G = Mean time per level.
                   A        B        C        D        E       F      G
               +--------+--------+--------+--------+--------+-----+--------+
         Total |   1365 |   1365 |      0 |   1079 |      0 |   1 | 1365.0 |
       Dungeon |   1365 |   1365 |      0 |   1079 |      0 |   1 | 1365.0 |
               +--------+--------+--------+--------+--------+-----+--------+

Top non-repeatable levels by time:
       D: 1365 daAuts
